 Dungeon Crawl Stone Soup version 0.18.1-8-gdd0e5ea (webtiles) character file.

5881 nikopol the Cleaver (level 10, -3/93 HPs)
             Began as a Minotaur Berserker on June 5, 2016.
             Was a High Priest of Trog.
             Slain by Snorg (4 damage)
             ... on level 11 of the Dungeon.
             The game lasted 00:32:43 (8527 turns).

nikopol the Cleaver (Minotaur Berserker)            Turns: 8527, Time: 00:32:44

Health: -3/93      AC: 13    Str: 23    XL:     10   Next: 52%
Magic:  9/9        EV: 12    Int:  4    God:    Trog [*****.]
Gold:   485        SH:  0    Dex: 12    Spells: 0 memorised, 9 levels left

rFire  . . .     SeeInvis .     x - +0 broad axe
rCold  . . .     Gourm    .     p - +2 chain mail {MR+}
rNeg   . . .     Faith    .     (no shield)
rPois  .         Spirit   .     (helmet restricted)
rElec  .         Dismiss  .     (no cloak)
rCorr  .         Reflect  .     (no gloves)
SustAt .         Harm     .     (no boots)
MR     +....                    (no amulet)
Stlth  ..........               (no ring)
                                (no ring)

@: somewhat resistant to hostile enchantments, extremely unstealthy
A: retaliatory headbutt, horns 2
a: Berserk, Trog's Hand, Brothers in Arms, Burn Spellbooks, Renounce Religion


You were on level 11 of the Dungeon.
You worshipped Trog.
Trog was extremely pleased with you.
You were near starving.

You visited 1 branch of the dungeon, and saw 9 of its levels.
You also visited: Ossuary.

You collected 485 gold pieces.

Inventory:

Hand Weapons
 a - a +1 hand axe
 x - a +0 broad axe (weapon)
Missiles
 P - 85 arrows
Armour
 b - a +0 animal skin
 e - a +0 scale mail
 p - a +2 chain mail of magic resistance (worn)
 u - a +1 leather armour of cold resistance
 M - a +0 ring mail of magic resistance
Jewellery
 o - an uncursed amulet of dismissal {unknown}
 q - an uncursed ring of protection from magic {unknown}
Wands
 m - a wand of disintegration (17/24)
Scrolls
 d - 2 scrolls of enchant weapon
 k - 4 scrolls of remove curse
 l - 9 scrolls of teleportation
 s - 4 scrolls of immolation {unknown}
 v - 2 scrolls of fog {unknown}
 y - 2 scrolls of blinking {unknown}
 B - a scroll of enchant armour {unknown}
 D - 5 scrolls of identify
 E - a scroll of fear {unknown}
 G - a scroll of amnesia {unknown}
 Q - a scroll of recharging
Potions
 h - a potion of might {unknown}
 i - 7 potions of flight
 j - a potion of berserk rage {unknown}
 n - 2 potions of haste
 r - 2 potions of curing {unknown}
 t - 3 potions of heal wounds {unknown}
 w - 2 potions of agility {unknown}
 z - a potion of degeneration {unknown}
 A - 2 potions of cancellation {unknown}
 F - a potion of magic {unknown}
 H - a potion of lignification {unknown}
 I - 2 potions of resistance {unknown}
 K - 2 potions of brilliance {unknown}
 N - a potion of ambrosia
Books
 J - a book of Death

   Spells                             Type                      Level
   a - Corpse Rot                     Necromancy                   2
   b - Sublimation of Blood           Necromancy                   2
   c - Agony                          Necromancy                   5
   d - Dispel Undead                  Necromancy                   5
   e - Excruciating Wounds            Charms/Necromancy            5
   f - Bolt of Draining               Conjuration/Necromancy       5
   Trog disapproves of the use of such an item.
Comestibles
 f - 4 slices of pizza
 g - 6 meat rations
 C - 9 fruits
 L - 10 royal jellies
 O - 3 bread rations


   Skills:
 + Level 9.9 Fighting
 + Level 10.0 Axes
   Level 3.4 Bows
 + Level 9.8 Armour
 + Level 8.7 Dodging


You had 9 spell levels left.
You didn't know any spells.

Dungeon Overview and Level Annotations

Branches:
Dungeon (11/15)            Temple (0/1) D:5             Orc (0/2) D:10
   Lair: D:8-11

Altars:
Cheibriados
Dithmenos
Fedhas
Okawaru
Qazlal
Vehumet
The Shining One

Annotations:
D:11 Snorg


Innate Abilities, Weirdness & Mutations

You reflexively headbutt those who attack you in melee.
You have a pair of horns on your head.


Message History

You hit Snorg.
Snorg is lightly wounded.
Snorg barely misses you. x2; Snorg claws you.
Snorg misses you. Snorg claws you. Snorg claws you but does no damage.
You barely miss Snorg. You headbutt Snorg, but do no damage.
Snorg is lightly wounded.
Snorg bites you! Snorg barely misses you. x2
You're too hungry to go berserk.
You slash Snorg! You headbutt Snorg.
Snorg is lightly wounded.
Snorg bites you.
* * * LOW HITPOINT WARNING * * *
Snorg closely misses you. Snorg claws you!
* * * LOW HITPOINT WARNING * * *
Snorg closely misses you. x2; Snorg claws you!
* * * LOW HITPOINT WARNING * * *
You hit Snorg but do no damage.
Snorg is lightly wounded.
Snorg bites you.
You die...

#..?...
......?#.....#
.......#.....#
.......#.....#
#.....#.....#
#.....#.....#
#.....#T....#
#.....#@)...#
#.....(.....#
#...........#
#.#.(.<.#.....#
#...((..#.....#
#....)..#.....#
#.......#.......
#.......#.......
#.......#.......


You could see Snorg (berserk).

Vanquished Creatures
  A hill giant (D:10)
  A gargoyle (D:10)
  The ghost of Jersh the Slinger, a novice HaHu (Ossuary)
  Sigmund (D:5)
  A shadow (D:11)
  Eustachio (D:5)
  A hungry ghost (D:10)
  2 hippogriffs
  2 wargs (D:10)
  Menkaure (D:5)
  2 orc warriors
  An ice beast (D:7)
  A phantom (D:6)
  2 centaurs
  6 ogres
  A crocodile (D:10)
  The ghost of nikopol the Shooter, an amateur HEHu (D:3)
  A big kobold (D:10)
  6 giant frogs
  3 crimson imps
  A giant frog zombie (D:6)
  A centaur zombie (D:6)
  A human zombie (Ossuary)
  3 jellies (D:10)
  3 hounds
  7 orc priests
  Crazy Yiuf (D:6)
  A centaur skeleton (D:6)
  3 gnoll shamans (D:4)
  4 iguanas
  7 orc wizards
  3 worker ants
  4 big kobold zombies (Ossuary)
  A hound skeleton (D:10)
  4 mummies (Ossuary)
  A worker ant zombie (D:6)
  44 gnolls (D:4)
  10 adders
  2 shadow imps
  A white imp (D:4)
  6 oozes
  2 adder zombies (Ossuary)
  2 worms (D:3)
  3 dart slugs
  A giant gecko (D:10)
  30 orcs
  5 giant cockroaches
  27 goblins
  5 hobgoblins
  16 jackals
  5 quokkas
  3 ball pythons
  A ball python skeleton (D:4)
  8 bats
  5 giant newts
  2 goblin zombies (Ossuary)
  A hobgoblin zombie (Ossuary)
  A jackal zombie (Ossuary)
  14 kobolds
  A kobold zombie (Ossuary)
  2 quokka skeletons
  7 rats
  2 bushes (D:2)
  3 plants (D:2)
290 creatures vanquished.

Notes
Turn   | Place    | Note
--------------------------------------------------------------
     0 | D:1      | nikopol the Minotaur Berserker began the quest for the Orb.
     0 | D:1      | Reached XP level 1. HP: 19/19 MP: 0/0
   143 | D:1      | Reached XP level 2. HP: 23/27 MP: 1/1
   336 | D:1      | Reached ** piety under Trog
   391 | D:1      | Reached XP level 3. HP: 30/33 MP: 2/2
   816 | D:2      | Reached skill level 4 in Axes
   878 | D:2      | Found a snail-covered altar of Cheibriados.
   979 | D:2      | Reached XP level 4. HP: 34/40 MP: 3/3
  2451 | D:3      | Reached XP level 5. HP: 46/47 MP: 4/4
  2457 | D:3      | Noticed nikopol's ghost (amateur HEHu)
  2467 | D:3      | Killed nikopol's ghost
  2479 | D:3      | Reached *** piety under Trog
  2489 | D:3      | Found a faded altar to an unknown god.
  2730 | D:3      | Found a shadowy altar of Dithmenos.
  2807 | D:3      | Reached skill level 5 in Fighting
  2827 | D:3      | Noticed an ogre
  2834 | D:3      | Killed an ogre
  2834 | D:3      | Reached skill level 5 in Axes
  2834 | D:3      | Reached XP level 6. HP: 56/56 MP: 5/5
  3105 | D:4      | Found a sand-covered staircase.
  3118 | D:4      | Found a blossoming altar of Fedhas.
  3128 | Ossuary  | Entered an ossuary
  3128 | Ossuary  | Noticed Jersh's ghost (novice HaHu)
  3139 | Ossuary  | Killed Jersh's ghost
  3139 | Ossuary  | Reached skill level 5 in Armour
  3139 | Ossuary  | Reached XP level 7. HP: 60/62 MP: 6/6
  3256 | Ossuary  | Reached skill level 6 in Axes
  3521 | D:4      | Reached skill level 5 in Dodging
  3799 | D:4      | Reached **** piety under Trog
  3809 | D:4      | Reached XP level 8. HP: 71/71 MP: 7/7
  4164 | D:4      | Reached skill level 7 in Axes
  4557 | D:4      | Reached ***** piety under Trog
  4563 | D:4      | Received a gift from Trog
  5629 | D:5      | Entered Level 5 of the Dungeon
  5656 | D:5      | Noticed Eustachio
  5658 | D:5      | Found a staircase to the Ecumenical Temple.
  5669 | D:5      | Killed Eustachio
  5720 | D:5      | Noticed Menkaure
  5725 | D:5      | Killed Menkaure
  5725 | D:5      | Reached XP level 9. HP: 81/81 MP: 8/8
  6024 | D:5      | Found a radiant altar of Vehumet.
  6024 | D:5      | Found a glowing golden altar of the Shining One.
  6025 | D:5      | Found a stormy altar of Qazlal.
  6102 | D:5      | Noticed Sigmund
  6108 | D:5      | Killed Sigmund
  6108 | D:5      | Reached skill level 8 in Axes
  6529 | D:6      | Noticed Crazy Yiuf
  6536 | D:6      | Killed Crazy Yiuf
  6876 | D:6      | Found an iron altar of Okawaru.
  7065 | D:7      | Reached skill level 9 in Axes
  7229 | D:7      | Reached skill level 1 in Bows
  7395 | D:7      | You fall through a shaft for 3 floors!
  7395 | D:10     | Entered Level 10 of the Dungeon
  7400 | D:10     | Noticed a gargoyle
  7441 | D:10     | Killed a gargoyle
  7441 | D:10     | Reached XP level 10. HP: 30/91 MP: 9/9
  7776 | D:10     | Noticed a hill giant
  7787 | D:10     | Received a gift from Trog
  7796 | D:10     | Killed a hill giant
  7978 | D:10     | Found a staircase to the Orcish Mines.
  8518 | D:11     | Noticed Snorg
  8521 | D:11     | Reached skill level 10 in Axes
  8526 | D:11     | HP: 1/93 [Snorg (14)]
  8527 | D:11     | Slain by Snorg

Skill      XL: |  1  2  3  4  5  6  7  8  9 10 |
---------------+-------------------------------+-----
Fighting       | 4 5 6 7 9 |  9.9
Armour         | 3 4 5 6 7 9 |  9.8
Axes           | 4 5 6 7 9 10 | 10.0
Dodging        | 3 4 5 6 8 |  8.7
Bows           | 2 3 |  3.4

Action                   |  1- 3 |  4- 6 |  7- 9 | 10-12 || total
-------------------------+-------+-------+-------+-------++-------
Melee: Hand axe          |    81 |   293 |   447 |   133 ||   954
       Headbutt          |    14 |    85 |   109 |    41 ||   249
       Broad axe         |       |       |       |    10 ||    10
Invok: Berserk           |       |     2 |     6 |     1 ||     9
       Burn Spellbooks   |       |       |       |     1 ||     1
  Use: Scroll            |       |     5 |       |     1 ||     6
       Potion            |       |       |     1 |       ||     1
 Stab: Sleeping          |     1 |       |       |       ||     1
  Eat: Chunk             |       |     9 |    19 |     4 ||    32
       Beef jerky        |       |       |     1 |       ||     1
       Royal jelly       |       |       |       |     1 ||     1
Armor: Animal skin       |     7 |       |       |       ||     7
       Scale mail        |    12 |    37 |       |       ||    49
       Chain mail        |       |     8 |   227 |    67 ||   302
Dodge: Dodged            |    45 |    64 |   240 |    85 ||   434
